 Dungeon Crawl Stone Soup version 0.27-a0-1273-gec92ba881d (webtiles) character file.

Game seed: 10941170119694824274

107 mordus the Poker (level 4, -14/38 HPs)
             Began as a Draconian Monk on June 11, 2021.
             Was a Believer of Yredelemnul.
             Demolished by an ogre
             ... wielding a +0 giant club
              (26 damage)
             ... on level 4 of the Dungeon.
             The game lasted 00:04:05 (4094 turns).

mordus the Poker (Draconian Monk)                   Turns: 4094, Time: 00:04:06

Health: -14/38     AC:  5    Str: 14    XL:     4   Next: 56%
Magic:  4/4        EV: 13    Int: 10    God:    Yredelemnul [**....]
Gold:   143        SH:  0    Dex: 14    Spells: 3/3 levels left

rFire    . . .     SeeInvis .   a - +0 spear
rCold    + . .     Faith    .   (no shield)
rNeg     . . .     Spirit   .   (armour unavailable)
rPois    .         Reflect  .   (helmet restricted)
rElec    .         Harm     .   (no cloak)
rCorr    .         Rampage  .   (no gloves)
Will     .....                  (no boots)
Stlth    ++........             (no amulet)
HPRegen  0.12/turn              e - ring of protection from cold
MPRegen  0.09/turn              (no ring)

@: no status effects
A: AC +5, unfitting armour, cold-blooded
a: Renounce Religion, Animate Remains, Recall Undead Slaves, Injury Mirror


You were on level 4 of the Dungeon.
You worshipped Yredelemnul.
Yredelemnul was pleased with you.
You visited 2 branches of the dungeon, and saw 5 of its levels.

You collected 143 gold pieces.

Inventory:

Hand Weapons
 a - a +0 spear (weapon)
Jewellery
 e - a ring of protection from cold (left hand)
 n - an amulet of magic regeneration
Scrolls
 b - 2 scrolls of blinking {unknown}
 d - 5 scrolls of identify {unknown}
 h - a scroll of teleportation {unknown}
 k - a scroll of enchant armour {unknown}
 l - a scroll of amnesia {unknown}
 m - a scroll of fog {unknown}
Potions
 c - a potion of attraction {unknown}
 f - a potion of lignification {unknown}
 g - a potion of flight {unknown}
 i - a potion of invisibility {unknown}
 j - a potion of degeneration {unknown}


   Skills:
 - Level 3.2 Fighting
 * Level 4.7 Polearms
 + Level 3.5 Dodging
 - Level 1.7 Stealth


You had 3 spell levels left.
You didn't know any spells.
Your spell library contained the following spells:

 Spells                   Type           Power      Damage    Failure   Level
 Foxfire                  Conj/Fire      0%         2x1d4     36%         1
 Conjure Flame            Conj/Fire      0%         6-21      75%         3
 Inner Flame              Hex/Fire       0%         N/A       75%         3
 Sticky Flame             Conj/Fire      0%         2d3       98%         4
 Fireball                 Conj/Fire      0%         3d3       100%        5


Dungeon Overview and Level Annotations

Branches:
Dungeon (4/15)             Temple (1/1) D:4

Altars:
Ashenzari
Cheibriados
Dithmenos
Fedhas
Gozag
Kikubaaqudgha
Makhleb
Nemelex Xobeh
Okawaru
Qazlal
Ru
Sif Muna
Xom
Yredelemnul
Zin
The Shining One


Innate Abilities, Weirdness & Mutations

Your plain brown scales are hard. (AC +5)
You cannot fit into any form of body armour.
You are cold-blooded and may be slowed by cold attacks.


Message History

You reach to attack!
The helpless endoplasm fails to defend itself.
You hit the endoplasm.
The endoplasm is lightly wounded.
You hit the endoplasm.
The endoplasm is heavily wounded.
The endoplasm hits you.
You hit the endoplasm but do no damage.
The endoplasm is heavily wounded.
The endoplasm hits you.
An endoplasm is nearby!
You hit the endoplasm.
You kill the endoplasm!
Yredelemnul accepts your kill.
HP restored.
You see here a +0 whip.
You see here a +0 whip.
The ogre shouts!
Found a dagger.
An ogre is nearby!
You hit the ogre.
The ogre is lightly wounded.
The ogre closely misses you.
An ogre is nearby!
You barely miss the ogre.
The ogre is lightly wounded.
The ogre hits you but does no damage.
An ogre is nearby!
You hit the ogre.
The ogre is moderately wounded.
You hit the ogre.
The ogre is severely wounded.
The ogre hits you with a +0 giant club!!
Ouch! That really hurt!
You barely miss the ogre.
The ogre is severely wounded.
The ogre hits you with a +0 giant club!!
Ouch! That really hurt!
You die...
Your body rises from the dead as a mindless zombie.

#.##.##.## #..).....#
.....#...####..###.###
#.............# #.#
#####...#####.# #.#
##.## #.# #.# #.# #.#
#.# #.# #.# #.#
########.######.# #.#
.....)O@.....##.# #.#
.....######...#.# ###
.#.. .. .# #


You could see an ogre.

Vanquished Creatures
  3 adders
  A dart slug (D:2)
  9 ball pythons
  5 bats
  10 endoplasms
  5 giant cockroaches
  7 goblins
  7 hobgoblins
  4 jackals (D:2)
  5 quokkas
  3 frilled lizards
  4 kobolds
  A quokka skeleton (D:4)
  5 rats
69 creatures vanquished.

Vanquished Creatures (others)
  A plant (D:3)
1 creature vanquished.

Grand Total: 70 creatures vanquished

Notes
Turn   | Place    | Note
-------+----------+-------------------------------------------
     0 | D:1      | mordus the Draconian Monk began the quest for the Orb.
     0 | D:1      | Reached XP level 1. HP: 19/19 MP: 1/1
   263 | D:1      | Reached XP level 2. HP: 26/26 MP: 2/2
  1063 | D:2      | Found a faded altar of an unknown god.
  1072 | D:2      | Reached XP level 3. HP: 28/31 MP: 3/3
  1074 | D:2      | Reached skill level 4 in Polearms
  1347 | D:2      | Found a shadowy altar of Dithmenos.
  1667 | D:2      | Reached XP level 4. HP: 38/38 MP: 4/4
  2145 | D:3      | Found a sacrificial altar of Ru.
  2145 | D:3      | Found a stormy altar of Qazlal.
  2145 | D:3      | Found an ancient bone altar of Kikubaaqudgha.
  3251 | D:4      | Found a staircase to the Ecumenical Temple.
  3295 | Temple   | Entered the Ecumenical Temple
  3503 | Temple   | Became a worshipper of Yredelemnul the Dark
  3503 | Temple   | Reached * piety under Yredelemnul
  3503 | Temple   | Reached ** piety under Yredelemnul
  3530 | D:4      | Noticed an ogre
  4094 | D:4      | Demolished by an ogre

Illustrated notes

Levels and vault maps discovered:
D:1:      zelgadis_glass_arrival_small, layout_loops_corners
D:2:      layout_basic, basic_altar, basic_ecumenical_altar
D:3:      layout_basic, gammafunk_temple_overflow_forgotten
D:4:      layout_loops_ring, lemuel_round_altar, minmay_temple_entry_trees,
          enter_ossuary_2
Temple:   nicolae_temple_figure_eight

Skill      XL: |  1  2  3 |
---------------+----------+-----
Dodging        | 3 |  3.5
Polearms       | 4 |  4.7
Fighting       | |  3.2
Stealth        | |  1.7

Action                   |  1- 3 |  4- 6 || total
-------------------------+-------+-------++-------
Melee: Spear             |   155 |    89 ||   244
       Tailslap          |     6 |    11 ||    17
 Stab: Sleeping          |     7 |     5 ||    12
       Distracted        |       |     1 ||     1
Armor: Skin              |    37 |     8 ||    45
Dodge: Dodged            |    69 |    39 ||   108

Table legend: (Time is in decaauts)
 A = Elapsed time spent in this place.
 B = Non-inter-level travel time spent in this place.
 C = Inter-level travel time spent in this place.
 D = Time resting spent in this place.
 E = Time spent auto-exploring this place.
 F = Levels seen in this place.
 G = Mean time per level.
                   A        B        C        D        E       F      G
               +--------+--------+--------+--------+--------+-----+--------+
         Total |   4069 |   3990 |     79 |    200 |   3116 |   5 |  813.8 |
       Dungeon |   3844 |   3765 |     79 |    200 |   2912 |   4 |  961.0 |
        Temple |    224 |    224 |      0 |      0 |    204 |   1 |  224.0 |
               +--------+--------+--------+--------+--------+-----+--------+

Top non-repeatable levels by time:
     D:3: 1199 daAuts
     D:2: 1090 daAuts
     D:1: 951 daAuts
     D:4: 603 daAuts
  Temple: 224 daAuts
